 Dungeon Crawl Stone Soup version 0.30-a0-989-g0d87f670db (webtiles) character file.

Game seed: 10208309191558084328

5 mopl the Magician (level 1, 0/11 HPs)
             Began as an Octopode Hedge Wizard on Apr 3, 2023.
             Slain by a quokka (5 damage)
             ... on level 1 of the Dungeon.
             The game lasted 00:00:20 (159 turns).

mopl the Magician (Octopode Hedge Wizard)            Turns: 159, Time: 00:00:21

Health: 0/11       AC:  1    Str:  9    XL:     1   Next: 80%
Magic:  4/4        EV: 13    Int: 16    God:
Gold:   15         SH:  0    Dex: 11    Spells: 5/6 levels left

rFire   . . .      SeeInvis .    a - +0 dagger
rCold   . . .      Faith    .    (no shield)
rNeg    . . .      Spirit   .    b - +0 hat
rPois   .          Reflect  .    (no amulet)
rElec   .          Rampage  .    (no ring)
rCorr   .                        (no ring)
Will    .....                    (no ring)
Stlth   +++                      (no ring)
HPRegen 0.21/turn                (no ring)
MPRegen 0.09/turn                (no ring)
                                 (no ring)
                                 (no ring)

@: no status effects
A: almost no armour, amphibious, 8 rings, camouflage 1, gelatinous body 1,
(nimble swimmer 1), tentacles
a: no special abilities


You were on level 1 of the Dungeon.
You visited 1 branch of the dungeon, and saw 1 of its levels.

You collected 15 gold pieces.

Inventory:

Hand Weapons
 a - a +0 dagger (weapon)
Armour
 b - a +0 hat (worn)
Scrolls
 d - a scroll of blinking {unknown}
Potions
 c - a potion of magic
 e - a potion of mutation {unknown}


   Skills:
 - Level 2.0 Dodging
 - Level 2.6 Stealth
 + Level 3.1 Spellcasting
 + Level 1.2 Conjurations
 - Level 1.0 Summonings
 + Level 1.3 Translocations


You had 5 spell levels left.
You knew the following spells:

 Your Spells              Type           Power      Damage    Failure   Level
a - Magic Dart            Conj           24%        1d4       11%         1

Your spell library contained the following spells:

 Spells                   Type           Power      Damage    Failure   Level
 Blink                    Tloc           12%        N/A       16%         2
 Slow                     Hex            8%         N/A       19%         1
 Call Imp                 Summ           5%         N/A       19%         2
 Cigotuvi's Dreadful Rot  Necr/Pois/Air  4%         N/A       28%         2
 Mephitic Cloud           Conj/Pois/Air  3%         N/A       43%         3


Dungeon Overview and Level Annotations

Branches:
Dungeon (1/15)

Altars:


Innate Abilities, Weirdness & Mutations

You cannot wear most types of armour.
You are amphibious.
You can wear up to eight rings at the same time.
Your skin changes colour to match your surroundings (Stealth+).
Your rubbery body absorbs attacks. (AC +1, EV +1)
((You are camouflaged when in or above water. (Stealth+)))
You have tentacles for arms and can constrict up to eight enemies at once.


Message History

No target in view!
Found a mace.
A ball python comes into view.
A hobgoblin comes into view.
The hobgoblin shouts!
A quokka comes into view.
A frilled lizard comes into view.
The hobgoblin completely misses you.
You closely miss the ball python. Your grab misses the ball python.
You squeeze the ball python.
The ball python is heavily wounded.
The ball python closely misses you. The ball python misses you.
The hobgoblin barely misses you. The frilled lizard closely misses you.
You hit the ball python. You grab the ball python. You squeeze the ball python.
You kill the ball python!
The quokka misses you. The frilled lizard bites you.
The hobgoblin closely misses you.
You hit the quokka. Your grab misses the quokka.
The quokka is heavily wounded.
The quokka closely misses you. The frilled lizard misses you.
The hobgoblin hits you.
You closely miss the quokka. Your grab misses the quokka.
The quokka is heavily wounded.
The quokka closely misses you. The frilled lizard bites you.
The hobgoblin misses you.
You are too injured to fight recklessly!
You are too injured to fight recklessly!
You are too injured to fight recklessly!
You are too injured to fight recklessly!
You are too injured to fight recklessly!
You are too injured to fight recklessly!
You are too injured to fight recklessly!
You are too injured to fight recklessly!
You are too injured to fight recklessly!
You are too injured to fight recklessly!
You are too injured to fight recklessly!
You are too injured to fight recklessly!
You hit the hobgoblin but do no damage. You grab the hobgoblin.
You constrict the hobgoblin, but do no damage.
The quokka bites you.
You die...

.. .. #. #. #########
#. #......). .##
#.##### #.#######
.....#.....#####.### #
#....@##.#.......# #
#...rgl#.#.......# #
#......#.#.......# #
#.####.#.......#######
# .#.......###....
........)........
##.##......###....
#...........[.... #
##......###....


You could see a quokka, a hobgoblin and a frilled lizard.

Vanquished Creatures
  A ball python (D:1)
  A goblin (D:1)
  A hobgoblin (D:1)
  2 kobolds (D:1)
5 creatures vanquished.

Notes
Turn   | Place    | Note
-------+----------+-------------------------------------------
     0 | D:1      | mopl the Octopode Hedge Wizard began the quest for the Orb.
     0 | D:1      | Reached XP level 1. HP: 11/11 MP: 4/4
   159 | D:1      | Slain by a quokka

Illustrated notes

Levels and vault maps discovered:
D:1:      evilmike_arrival_crescent, layout_basic

Action                     || total
---------------------------++-------
  Melee: Dagger            ||    14
         Constrict         ||     3
         Tentacles         ||     2
   Stab: Sleeping          ||     3
 Armour: Skin              ||     1
  Dodge: Dodged            ||    14

Table legend: (Time is in decaauts)
 A = Elapsed time spent in this place.
 B = Non-inter-level travel time spent in this place.
 C = Inter-level travel time spent in this place.
 D = Time resting spent in this place.
 E = Time spent auto-exploring this place.
 F = Levels seen in this place.
 G = Mean time per level.
                   A        B        C        D        E       F      G
               +--------+--------+--------+--------+--------+-----+--------+
         Total |    159 |    159 |      0 |      0 |    117 |   1 |  159.0 |
       Dungeon |    159 |    159 |      0 |      0 |    117 |   1 |  159.0 |
               +--------+--------+--------+--------+--------+-----+--------+

Top non-repeatable levels by time:
     D:1: 159 daAuts
